General information
- name: BNet
- type: Ladder team game (AT/RT)
- host: Battle.net
- saver:
map: UpperKingdom
- players: 6
- length: 40:56
- speed: Fast
- version: 1.23 W3XP
- replay type: Public
» download(282 KB)
Players
team 1 (winner)
imazit (
red | 65 APM | 2651 actions | 40:56)
7 Tauren Chieftain
3 Endurance Aura
3 War Stomp
1 Reincarnation
6 Shadow Hunter
3 Healing Wave
2 Hex
1 Big Bad Voodoo
» actions
| Assign group hotkey | 26 | |
| Basic commands | 438 | |
| Build / train | 72 | |
| ESC pressed | 2 | |
| Enter build submenu | 25 | |
| Enter hero's abilities submenu | 13 | |
| Give item / drop item | 1 | |
| Right click | 841 | |
| Select / deselect | 406 | |
| Select group hotkey | 676 | |
| Use ability | 151 | |
2651 total
» units
| Peon | 7 | |
| Grunt | 6 | |
| Tauren | 12 | |
| Troll Witch Doctor | 4 | |
| Shaman | 3 | |
32 total
» upgrades
| Berserker Strength | 1 | |
| Armor | 2 | |
| Shaman Training | 2 | |
| Witch Doctor Training | 2 | |
| Pulverize | 1 | |
| Melee Weapons | 1 | |
9 total
» buildings
| Altar of Storms | 1 | |
| Orc Burrow | 9 | |
| Barracks | 1 | |
| War Mill | 1 | |
| Voodoo Lounge | 1 | |
| Stronghold | 1 | |
| Fortress | 1 | |
| Spirit Lodge | 2 | |
| Tauren Totem | 3 | |
| Watch Tower | 4 | |
| Great Hall | 1 | |
| Beastiary | 1 | |
26 total
» build order
00:03 Altar of Storms
00:05 Orc Burrow
00:28 Barracks
01:31 Orc Burrow
02:17 War Mill
03:18 Voodoo Lounge
04:00 Stronghold
04:15 Orc Burrow
06:29 Orc Burrow
06:47 Fortress
08:25 Spirit Lodge
08:56 Spirit Lodge
10:02 Tauren Totem
10:06 Tauren Totem
11:19 Tauren Totem
12:16 Orc Burrow
16:26 Orc Burrow
16:29 Orc Burrow
20:30 Orc Burrow
21:39 Orc Burrow
24:38 Watch Tower
24:39 Watch Tower
24:41 Watch Tower
24:44 Watch Tower
30:02 Great Hall
39:04 Beastiary
» items
| Healing Salve | 1 | |
| Scroll of Regeneration | 1 | |
| Lesser Clarity Potion | 1 | |
| Potion of Mana | 1 | |
| Dust of Appearance | 1 | |
5 total
The-B1adeMaster (
orange | 112 APM | 4576 actions | 40:56)
6 Mountain King
3 Storm Bolt
2 Bash
1 Avatar
6 Paladin
2 Holy Light
3 Devotion Aura
1 Resurrection
» actions
| Assign group hotkey | 89 | |
| Basic commands | 1 | |
| Build / train | 119 | |
| Enter build submenu | 34 | |
| Enter hero's abilities submenu | 12 | |
| Give item / drop item | 1 | |
| Remove unit from queue | 1 | |
| Right click | 1911 | |
| Select / deselect | 520 | |
| Select group hotkey | 1702 | |
| Use ability | 186 | |
4576 total
» units
| Peasant | 37 | |
| Footman | 5 | |
| Dragonhawk Rider | 21 | |
| Gryphon Rider | 8 | |
| Spell Breaker | 6 | |
| Knight | 2 | |
79 total
» upgrades
| Lumber Harvesting | 2 | |
| Cloud | 1 | |
| Magic Sentry | 1 | |
| Masonry | 3 | |
| Storm Hammers | 1 | |
| Control Magic | 1 | |
| Animal War Training | 1 | |
| Plating | 0 | |
| Armor | 3 | |
13 total
» buildings
| Altar of Kings | 1 | |
| Barracks | 1 | |
| Farm | 10 | |
| Arcane Vault | 1 | |
| Keep | 1 | |
| Town Hall | 5 | |
| Lumber Mill | 1 | |
| Blacksmith | 1 | |
| Castle | 1 | |
| Gryphon Aviary | 2 | |
| Scout Tower | 5 | |
| Arcane Sanctum | 1 | |
| Arcane Tower | 1 | |
| Guard Tower | 2 | |
33 total
» build order
00:04 Altar of Kings
00:07 Barracks
00:40 Farm
01:01 Farm
01:47 Farm
02:04 Arcane Vault
02:08 Farm
04:07 Keep
05:19 Town Hall
06:48 Lumber Mill
06:56 Blacksmith
07:19 Castle
08:20 Gryphon Aviary
08:56 Gryphon Aviary
09:20 Scout Tower
09:53 Arcane Sanctum
10:08 Arcane Tower
11:22 Farm
11:23 Farm
11:26 Farm
11:27 Farm
13:29 Farm
13:32 Farm
16:17 Town Hall
24:42 Town Hall
25:02 Scout Tower
25:03 Scout Tower
25:04 Scout Tower
25:10 Scout Tower
26:10 Guard Tower
26:59 Guard Tower
33:15 Town Hall
38:41 Town Hall
» items
| Scroll of Regeneration | 3 | |
| Lesser Clarity Potion | 2 | |
| Scroll of Town Portal | 2 | |
7 total
TReYvIs (
pink | 76 APM | 3099 actions | 40:56)
8 Death Knight
1 Death Pact
3 Death Coil
3 Unholy Aura
1 Animate Dead
» actions
| Assign group hotkey | 26 | |
| Basic commands | 72 | |
| Build / train | 100 | |
| Enter build submenu | 31 | |
| Enter hero's abilities submenu | 9 | |
| Give item / drop item | 2 | |
| Remove unit from queue | 1 | |
| Right click | 1182 | |
| Select / deselect | 792 | |
| Select group hotkey | 779 | |
| Use ability | 105 | |
3099 total
» units
| Acolyte | 36 | |
| Ghoul | 3 | |
| Crypt Fiend | 9 | |
| Gargoyle | 3 | |
| Frost Wyrm | 9 | |
60 total
» upgrades
| Creature Attack | 3 | |
| Creature Carapace | 1 | |
| Web | 1 | |
| Burrow | 1 | |
| Stone Form | 1 | |
| Freezing Breath | 1 | |
| Ghoul Frenzy | 1 | |
9 total
» buildings
| Graveyard | 1 | |
| Crypt | 2 | |
| Ziggurat | 13 | |
| Altar of Darkness | 1 | |
| Tomb of Relics | 1 | |
| Nerubian Tower | 3 | |
| Halls of the Dead | 2 | |
| Black Citadel | 1 | |
| Sacrificial Pit | 1 | |
| Boneyard | 2 | |
| Spirit Tower | 4 | |
| Necropolis | 2 | |
33 total
» build order
00:05 Graveyard
00:09 Crypt
00:38 Ziggurat
00:57 Altar of Darkness
01:45 Ziggurat
01:59 Tomb of Relics
02:10 Nerubian Tower
04:35 Halls of the Dead
05:18 Ziggurat
05:48 Ziggurat
07:52 Black Citadel
08:35 Crypt
09:55 Sacrificial Pit
12:14 Boneyard
13:32 Boneyard
13:35 Ziggurat
14:34 Ziggurat
15:13 Ziggurat
15:14 Ziggurat
16:44 Ziggurat
18:48 Spirit Tower
23:55 Necropolis
25:02 Necropolis
25:58 Ziggurat
26:43 Ziggurat
26:44 Ziggurat
26:45 Ziggurat
34:34 Spirit Tower
34:36 Spirit Tower
34:37 Spirit Tower
34:52 Nerubian Tower
34:52 Nerubian Tower
37:04 Halls of the Dead
» items
| Dust of Appearance | 1 | |
| Rod of Necromancy | 5 | |
| Healing Salve | 1 | |
| Lesser Clarity Potion | 1 | |
| Potion of Mana | 1 | |
| Scroll of Town Portal | 2 | |
11 total
team 2 (loser)
ball_sweets (
green | 43 APM | 1753 actions | 40:56)
5 Blademaster
3 Wind Walk
2 Critical Strike
» actions
| Assign group hotkey | 21 | |
| Basic commands | 61 | |
| Build / train | 73 | |
| ESC pressed | 4 | |
| Enter build submenu | 79 | |
| Enter hero's abilities submenu | 5 | |
| Remove unit from queue | 1 | |
| Right click | 658 | |
| Select / deselect | 307 | |
| Select group hotkey | 379 | |
| Use ability | 165 | |
1753 total
» units
» upgrades
| Spiked Barricades | 1 | |
| Ranged Weapons | 3 | |
| Liquid Fire | 1 | |
| Reinforced Defenses | 1 | |
| Armor | 1 | |
7 total
» buildings
| Altar of Storms | 1 | |
| Orc Burrow | 8 | |
| War Mill | 1 | |
| Watch Tower | 52 | |
| Voodoo Lounge | 4 | |
| Stronghold | 3 | |
| Fortress | 1 | |
| Beastiary | 6 | |
| Great Hall | 2 | |
78 total
» build order
00:07 Altar of Storms
00:19 Orc Burrow
00:29 War Mill
01:41 Watch Tower
01:44 Watch Tower
01:59 Orc Burrow
02:16 Watch Tower
03:02 Voodoo Lounge
03:14 Watch Tower
03:24 Watch Tower
04:00 Watch Tower
04:02 Watch Tower
04:22 Voodoo Lounge
05:06 Stronghold
05:07 Stronghold
05:16 Watch Tower
05:29 Watch Tower
06:15 Voodoo Lounge
06:17 Voodoo Lounge
06:27 Watch Tower
06:30 Watch Tower
07:09 Watch Tower
07:11 Watch Tower
07:38 Fortress
07:44 Beastiary
07:45 Beastiary
08:09 Orc Burrow
08:10 Orc Burrow
08:15 Watch Tower
08:17 Watch Tower
09:27 Watch Tower
09:29 Watch Tower
10:36 Watch Tower
10:38 Watch Tower
11:56 Watch Tower
11:56 Watch Tower
13:19 Watch Tower
13:30 Watch Tower
13:41 Beastiary
14:05 Watch Tower
14:07 Watch Tower
15:30 Watch Tower
15:32 Watch Tower
18:36 Watch Tower
19:48 Watch Tower
19:56 Watch Tower
19:57 Watch Tower
20:00 Watch Tower
20:00 Watch Tower
20:35 Watch Tower
21:12 Watch Tower
21:13 Watch Tower
21:20 Watch Tower
21:31 Watch Tower
21:32 Watch Tower
23:17 Watch Tower
23:18 Watch Tower
23:21 Watch Tower
23:22 Watch Tower
25:10 Watch Tower
25:11 Watch Tower
25:44 Watch Tower
26:29 Watch Tower
26:30 Watch Tower
26:30 Watch Tower
27:20 Watch Tower
27:22 Watch Tower
27:23 Watch Tower
28:55 Beastiary
28:59 Beastiary
29:06 Beastiary
30:18 Orc Burrow
31:16 Orc Burrow
33:00 Great Hall
35:16 Orc Burrow
35:24 Orc Burrow
39:26 Great Hall
» items
| Lesser Clarity Potion | 2 | |
| Healing Salve | 2 | |
| Orb of Lightning | 1 | |
5 total
DedNiggrStorage (
blue | 81 APM | 3312 actions | 40:56)
4 Archmage
2 Blizzard
2 Brilliance Aura
3 Blood Mage
2 Flame Strike
1 Siphon Mana
3 Dark Ranger
2 Silence
1 Life Drain
» actions
| Assign group hotkey | 49 | |
| Basic commands | 48 | |
| Build / train | 115 | |
| ESC pressed | 11 | |
| Enter build submenu | 94 | |
| Enter hero's abilities submenu | 10 | |
| Give item / drop item | 3 | |
| Remove unit from queue | 1 | |
| Right click | 1220 | |
| Select / deselect | 346 | |
| Select group hotkey | 1201 | |
| Use ability | 214 | |
3312 total
» units
| Peasant | 23 | |
| Blue Dragonspawn Meddler | 1 | |
| Polar Furbolg Shaman | 1 | |
| Barbed Arachnathid | 1 | |
| Magnataur Warrior | 1 | |
| Sorceress | 4 | |
| Priest | 3 | |
34 total
» upgrades
| Magic Sentry | 1 | |
| Sorceress Training | 3 | |
| Masonry | 3 | |
| Lumber Harvesting | 2 | |
| Priest Training | 3 | |
12 total
» buildings
| Altar of Kings | 2 | |
| Farm | 12 | |
| Lumber Mill | 1 | |
| Scout Tower | 65 | |
| Arcane Tower | 8 | |
| Arcane Vault | 2 | |
| Guard Tower | 30 | |
| Keep | 2 | |
| Arcane Sanctum | 1 | |
| Castle | 2 | |
| Town Hall | 1 | |
126 total
» build order
00:09 Altar of Kings
00:22 Farm
00:50 Farm
01:03 Lumber Mill
01:10 Scout Tower
01:36 Farm
01:41 Arcane Tower
01:41 Arcane Tower
01:53 Farm
02:00 Scout Tower
02:24 Arcane Vault
02:26 Arcane Vault
02:27 Scout Tower
02:30 Scout Tower
02:32 Arcane Tower
02:32 Arcane Tower
03:18 Guard Tower
03:18 Guard Tower
03:24 Scout Tower
03:31 Scout Tower
03:36 Keep
03:36 Keep
04:00 Guard Tower
04:01 Scout Tower
04:02 Scout Tower
04:03 Guard Tower
04:23 Scout Tower
04:23 Scout Tower
04:33 Guard Tower
04:55 Guard Tower
04:59 Farm
05:05 Farm
05:17 Guard Tower
06:13 Scout Tower
06:13 Scout Tower
06:16 Scout Tower
06:17 Scout Tower
06:51 Arcane Sanctum
06:56 Arcane Tower
06:56 Arcane Tower
06:58 Scout Tower
06:59 Scout Tower
07:00 Guard Tower
07:00 Guard Tower
07:38 Guard Tower
09:26 Castle
09:28 Scout Tower
09:29 Scout Tower
09:30 Scout Tower
09:30 Scout Tower
09:46 Scout Tower
09:47 Scout Tower
10:23 Guard Tower
10:23 Guard Tower
11:06 Guard Tower
11:08 Scout Tower
11:09 Scout Tower
11:10 Scout Tower
12:06 Guard Tower
12:08 Scout Tower
13:02 Farm
14:00 Scout Tower
14:00 Scout Tower
14:01 Scout Tower
14:32 Guard Tower
14:56 Scout Tower
14:57 Scout Tower
14:58 Scout Tower
15:33 Farm
15:49 Guard Tower
15:49 Guard Tower
15:51 Scout Tower
15:52 Scout Tower
16:48 Scout Tower
16:48 Scout Tower
16:49 Scout Tower
16:49 Scout Tower
18:15 Scout Tower
18:16 Scout Tower
18:18 Scout Tower
18:19 Scout Tower
18:20 Scout Tower
18:22 Scout Tower
18:23 Scout Tower
18:24 Scout Tower
18:52 Scout Tower
18:53 Scout Tower
18:54 Scout Tower
19:28 Scout Tower
19:28 Scout Tower
19:29 Scout Tower
19:29 Scout Tower
19:30 Guard Tower
19:31 Guard Tower
19:36 Scout Tower
19:40 Scout Tower
19:41 Scout Tower
19:41 Scout Tower
19:42 Scout Tower
19:43 Scout Tower
20:07 Guard Tower
20:09 Scout Tower
20:10 Scout Tower
20:11 Scout Tower
20:12 Scout Tower
20:13 Scout Tower
20:22 Guard Tower
20:22 Guard Tower
20:25 Guard Tower
20:26 Guard Tower
21:33 Guard Tower
25:12 Altar of Kings
26:04 Town Hall
26:18 Farm
26:21 Farm
27:34 Farm
27:40 Farm
» items
| Lesser Clarity Potion | 1 | |
| Healing Salve | 1 | |
| Scroll of Speed | 1 | |
| Orb of Lightning | 4 | |
| Scroll of Town Portal | 3 | |
| Staff of Sanctuary | 2 | |
12 total
UGH.2ez (
yellow | 74 APM | 3034 actions | 40:56)
6 Archmage
3 Blizzard
2 Brilliance Aura
1 Mass Teleport
2 Dark Ranger
1 Silence
1 Life Drain
1 Firelord
1 Soul Burn
» actions
| Assign group hotkey | 27 | |
| Basic commands | 38 | |
| Build / train | 116 | |
| Enter build submenu | 42 | |
| Enter hero's abilities submenu | 9 | |
| Give item / drop item | 14 | |
| Right click | 1389 | |
| Select / deselect | 677 | |
| Select group hotkey | 492 | |
| Use ability | 230 | |
3034 total
» units
| Peasant | 24 | |
| Magnataur Warrior | 1 | |
| Blue Dragonspawn Meddler | 1 | |
| Barbed Arachnathid | 1 | |
| Priest | 5 | |
| Sorceress | 5 | |
37 total
» upgrades
| Masonry | 3 | |
| Lumber Harvesting | 2 | |
| Magic Sentry | 1 | |
| Sorceress Training | 2 | |
| Priest Training | 2 | |
10 total
» buildings
| Altar of Kings | 1 | |
| Farm | 5 | |
| Scout Tower | 73 | |
| Lumber Mill | 1 | |
| Arcane Tower | 9 | |
| Guard Tower | 27 | |
| Arcane Vault | 1 | |
| Town Hall | 2 | |
| Keep | 1 | |
| Castle | 1 | |
| Arcane Sanctum | 1 | |
122 total
» build order
00:06 Altar of Kings
00:20 Farm
00:22 Scout Tower
00:31 Lumber Mill
00:49 Arcane Tower
01:23 Farm
01:35 Scout Tower
01:44 Scout Tower
02:12 Guard Tower
02:27 Arcane Vault
03:04 Guard Tower
03:07 Scout Tower
03:52 Guard Tower
03:54 Scout Tower
03:59 Scout Tower
04:31 Arcane Tower
04:32 Guard Tower
05:38 Scout Tower
05:39 Scout Tower
05:39 Scout Tower
05:40 Scout Tower
05:41 Scout Tower
05:41 Scout Tower
06:12 Arcane Tower
06:14 Guard Tower
06:42 Guard Tower
06:44 Guard Tower
07:30 Town Hall
08:04 Scout Tower
08:05 Scout Tower
08:24 Farm
08:31 Arcane Tower
08:49 Farm
09:01 Keep
09:16 Guard Tower
10:20 Scout Tower
10:20 Scout Tower
10:21 Scout Tower
10:22 Scout Tower
10:23 Scout Tower
10:23 Scout Tower
10:24 Scout Tower
10:24 Scout Tower
11:13 Farm
11:49 Castle
11:51 Guard Tower
12:19 Guard Tower
13:32 Scout Tower
13:33 Scout Tower
13:34 Scout Tower
13:35 Scout Tower
13:36 Scout Tower
14:03 Guard Tower
14:05 Guard Tower
14:30 Scout Tower
14:32 Scout Tower
14:33 Scout Tower
14:34 Scout Tower
14:36 Scout Tower
14:37 Scout Tower
14:37 Scout Tower
14:38 Scout Tower
14:39 Scout Tower
14:39 Scout Tower
14:50 Arcane Sanctum
15:50 Arcane Tower
15:52 Arcane Tower
15:54 Guard Tower
16:34 Arcane Tower
16:37 Guard Tower
16:50 Guard Tower
19:16 Scout Tower
19:16 Scout Tower
19:17 Scout Tower
19:18 Scout Tower
19:22 Scout Tower
19:22 Scout Tower
20:15 Arcane Tower
20:18 Guard Tower
20:19 Guard Tower
25:00 Scout Tower
25:00 Scout Tower
25:01 Scout Tower
25:03 Scout Tower
25:03 Scout Tower
25:04 Scout Tower
25:05 Scout Tower
25:09 Scout Tower
25:10 Scout Tower
25:11 Scout Tower
25:11 Scout Tower
25:12 Scout Tower
25:12 Scout Tower
25:16 Scout Tower
25:17 Scout Tower
25:17 Scout Tower
25:18 Scout Tower
25:18 Scout Tower
25:29 Guard Tower
25:41 Guard Tower
25:51 Guard Tower
26:00 Scout Tower
26:00 Scout Tower
26:04 Scout Tower
26:05 Scout Tower
26:10 Scout Tower
26:11 Scout Tower
26:12 Scout Tower
26:12 Scout Tower
26:14 Scout Tower
26:15 Scout Tower
26:15 Scout Tower
26:15 Scout Tower
26:17 Guard Tower
26:23 Guard Tower
26:44 Guard Tower
27:30 Guard Tower
27:47 Arcane Tower
27:49 Guard Tower
28:59 Guard Tower
29:01 Guard Tower
37:04 Town Hall
» items
| Scroll of Regeneration | 2 | |
| Healing Salve | 2 | |
| Potion of Healing | 4 | |
| Staff of Sanctuary | 3 | |
| Scroll of Town Portal | 3 | |
| Orb of Lightning | 3 | |
17 total
Chat log
(00:10 / All) UGH.2ez: blademaster is orc hero
(00:32 / All) DedNiggrStorage: how can you have a b1ademaster if you are human
(00:43 / All) TReYvIs: h4x
(01:04 / All) UGH.2ez: 2 e z game
(03:15 / All) DedNiggrStorage: fuck
(03:21 / All) DedNiggrStorage: thats one dead nigga
(25:50 / All) imazit: Racist people suck at video games
(25:53 / All) DedNiggrStorage: ?
(26:03 / All) imazit: Yea you
(33:37 / All) The-B1adeMaster: xD
(34:27 / All) TReYvIs: R
(38:12 / All) DedNiggrStorage: gg
(38:24 / All) The-B1adeMaster: this isnt a gg
(38:27 / All) The-B1adeMaster: you guys are wankers
(40:56 / All) imazit: So you guys suck at a video game and at life, what else is there?